 Dungeon Crawl Stone Soup version 0.24.0-125-gc4c63601f3 (webtiles) character file.

Game seed: 11647747538036340825, levelgen mode: deterministic

82 straycat the Skirmisher (level 4, 0/26 HPs)
             Began as a Vampire Wanderer on Mar 6, 2020.
             Slain by a goblin
             ... wielding a +0 club
             ... led by Robin
              (9 damage)
             ... on level 2 of the Dungeon.
             The game lasted 00:08:51 (1977 turns).

straycat the Skirmisher (Vampire Wanderer)          Turns: 1977, Time: 00:08:52

Health: 0/26       AC:  2    Str: 12    XL:     4   Next: 21%
Magic:  4/4        EV: 13    Int: 14    God:
Gold:   56         SH:  0    Dex: 13    Spells: 3/3 levels left

rFire    . . .     SeeInvis +     - Unarmed
rCold    + + .     Gourm    .   (no shield)
rNeg     + + +     Faith    .   e - +0 robe
rPois    ∞         Spirit   .   (no helmet)
rElec    .         Reflect  .   (no cloak)
rCorr    .         Harm     .   (no gloves)
MR       .....                  (no boots)
Stlth    +++++.....             (no amulet)
HPRegen  0.00/turn              (no ring)
MPRegen  0.09/turn              (no ring)

@: bloodless
A: no food, fangs 3, see invisible, [frail 1], unbreathing
a: Bat Form, Revivify


You were on level 2 of the Dungeon.
You were bloodless.

You visited 1 branch of the dungeon, and saw 2 of its levels.

You collected 56 gold pieces.

Inventory:

Hand Weapons
 k - a +0 hunting sling
 l - a +0 dagger of protection
Missiles
 g - 54 stones (quivered)
Armour
 e - a +0 robe (worn)
 m - a +0 leather armour
Jewellery
 j - an uncursed ring of protection from cold {unknown}
Scrolls
 a - a scroll of noise {unknown}
 b - a scroll of fear
 d - 3 scrolls of teleportation
 h - 4 scrolls of amnesia {unknown}
 i - 2 scrolls of identify {unknown}
Potions
 c - a potion of curing
 f - a potion of berserk rage


   Skills:
 - Level 4.5 Fighting
 - Level 1.0 Throwing
 * Level 3.2 Dodging
 + Level 4.3 Stealth
 + Level 2.4 Unarmed Combat


You had 3 spell levels left.
You didn't know any spells.
Your spell library was empty.

Dungeon Overview and Level Annotations

Branches:
Dungeon (2/15)

Altars:

Annotations:
D:2 Robin


Innate Abilities, Weirdness & Mutations

You do not eat.
You do not regenerate when monsters are visible.
You are frail without blood (-20% HP).
You can heal yourself when you bite living creatures.
You are immune to poison.
You have razor-sharp teeth.
You have supernaturally acute eyesight. (SInv)
You can survive without breathing.
[You are frail. (-10% HP)]


Message History

You closely miss the goblin. The goblin closely misses you.
You hit the goblin but do no damage. Your bite misses the goblin.
The goblin closely misses you.
You hit the goblin. Your bite misses the goblin.
The goblin is severely wounded.
The goblin closely misses you.
You hit the goblin.
You kill the goblin!
You hit the goblin.
You kill the goblin!
Robin hits you from afar with a +0 spear.
Robin roars a battlecry!
The goblins go into a battle-frenzy!
You hear a shout! x2
The goblin hits you with a +0 club. Robin barely misses you.
You closely miss the goblin. The goblin closely misses you.
Robin throws the goblin at you!
You closely miss the goblin. The goblin hits you but does no damage.
The goblin hits you with a +0 club!
You die...

##.. #gg##.#
.....#g.##.#
.....#g.##.#
......gg...#
..#....#..##.#
..#....#..##.##
...........ggg#
.......#..##g##
.......#..##@#
.......#..##g#
..##...#..##.#
.............#
...#...#..#..#
.......#..#..#
...#...#..#..#
.......##.#..#
..
..^..........##


You could see Robin, 2 hobgoblins and 2 goblins.

Vanquished Creatures
  3 adders (D:2)
  2 adder zombies (D:2)
  3 dart slugs (D:1)
  A leopard gecko (D:2)
  2 bat skeletons (D:2)
  4 giant cockroaches
  8 goblins
  5 hobgoblins
  3 bats
  2 frilled lizards (D:1)
  2 giant cockroach zombies (D:2)
  A kobold (D:2)
  A quokka skeleton (D:2)
  A quokka zombie (D:2)
  4 rats
42 creatures vanquished.

Notes
Turn   | Place    | Note
-------+----------+-------------------------------------------
     0 | D:1      | straycat the Vampire Wanderer began the quest for the Orb.
     0 | D:1      | straycat set off with the following items: a +0 dagger, a
                  | scroll of fear, a potion of curing, a scroll of
                  | teleportation, a +0 robe, a potion of berserk rage
     0 | D:1      | Reached XP level 1. HP: 20/20 MP: 1/1
   185 | D:1      | Reached XP level 2. HP: 14/20 MP: 2/2
  1123 | D:2      | Reached XP level 3. HP: 21/24 MP: 3/3
  1728 | D:2      | Reached XP level 4. HP: 15/30 MP: 4/4
  1945 | D:2      | Noticed Robin
  1977 | D:2      | Slain by a goblin

Levels and vault maps discovered:
D:1:      lightli_arrival_statuegarden, layout_basic
D:2:      minmay_door_path, layout_basic, serial_undead, serial_undead_b,
          serial_undead_a, serial_undead_d, serial_undead_e, serial_undead_e,
          serial_undead_a, uniq_robin

Skill      XL: |  1  2  3 |
---------------+----------+-----
Dodging        | 2 3 |  3.2
Unarmed Combat | 2 |  2.4
Stealth        | 4 |  4.3
Fighting       | |  4.5
Throwing       | |  1.0

Action                   |  1- 3 |  4- 6 || total
-------------------------+-------+-------++-------
Melee: Unarmed           |   153 |    37 ||   190
       Bite              |    19 |     3 ||    22
Throw: Stone             |    21 |       ||    21
 Abil: Exsanguinate      |     1 |     1 ||     2
       Revivify          |       |     1 ||     1
 Stab: Sleeping          |    14 |       ||    14
Armor: Robe              |    29 |     8 ||    37
Dodge: Dodged            |    86 |    39 ||   125
